 Dungeon Crawl Stone Soup version 0.30-a0-1160-g6e42c06551 (webtiles) character file.

Game seed: 779975893642965845

1251 ytrimaz the Sneak (level 8, -1/52 HPs)
             Began as an Octopode Fighter on Apr 26, 2023.
             Was an Initiate of Cheibriados.
             Slain by a gnoll sergeant
             ... wielding a +2 vampiric trident
              (6 damage)
             ... on level 6 of the Dungeon on Apr 27, 2023.
             The game lasted 00:05:40 (4994 turns).

ytrimaz the Sneak (Octopode Fighter)                Turns: 4994, Time: 00:05:40

Health: -1/52      AC:  1    Str: 17    XL:     8   Next: 51%
Magic:  8/8        EV: 17    Int: 11    God:    Cheibriados [......]
Gold:   311        SH:  6    Dex: 20    Spells: 7/7 levels left

rFire   . . .        m - +0 dagger (venom)
rCold   . . .        b - +0 buckler
rNeg    . . .        (helmet restricted)
rPois   .            (no amulet)
rElec   .            j - +6 ring of dexterity
rCorr   .            (no ring)
SInv    .            (no ring)
Will    .....        (no ring)
Stlth   +++++        (no ring)
HPRegen 0.28/turn    (no ring)
MPRegen 0.11/turn    (no ring)
                     (no ring)

%: no passive effects
@: very slow
A: almost no armour, amphibious, 8 rings, camouflage 1, gelatinous body 1,
(nimble swimmer 1), tentacles
a: Renounce Religion


You were on level 6 of the Dungeon.
You worshipped Cheibriados.
Cheibriados was noncommittal.
You visited 2 branches of the dungeon, and saw 7 of its levels.

You collected 311 gold pieces.


Innate Abilities, Weirdness & Mutations

You cannot wear most types of armour.
You are amphibious.
You can wear up to eight rings at the same time.
Your skin changes colour to match your surroundings (Stealth+).
Your rubbery body absorbs attacks. (AC +1, EV +1)
((You are camouflaged when in or above water. (Stealth+)))
You have tentacles for arms and can constrict up to eight enemies at once.


   Skills:
 - Level 3.0 Fighting
 + Level 6.1 Short Blades
 + Level 6.6 Dodging
 + Level 6.7 Stealth
 - Level 4.0 Shields


You had 7 spell levels left.
You didn't know any spells.
Your spell library contained the following spells:

 Spells                   Type           Power      Damage    Failure   Level
 Sting                    Tmut/Pois      0%         1d3       41%         1
 Summon Small Mammal      Summ           0%         N/A       41%         1
 Lesser Beckoning         Tloc           0%         N/A       56%         2
 Poisonous Vapours        Pois/Air       0%         N/A       56%         2
 Call Canine Familiar     Summ           0%         N/A       80%         3
 Gell's Gravitas          Tloc           0%         N/A       80%         3
 Hailstorm                Conj/Ice       0%         3d3       80%         3
 Summon Guardian Golem    Hex/Summ       0%         N/A       80%         3
 Teleport Other           Tloc           0%         N/A       80%         3
 Ice Form                 Ice/Tmut       0%         N/A       99%         4
 Olgreb's Toxic Radiance  Pois           0%         N/A       99%         4
 Simulacrum               Ice/Necr       0%         N/A       100%        6

Inventory:

Hand Weapons
 a - a +1 rapier
 m - a +0 dagger of venom (weapon)
   (You took it off a kobold on level 3 of the Dungeon)
Armour
 b - a +0 buckler (worn)
Jewellery
 j - a +6 ring of dexterity (left tentacle)
   (You found it on level 2 of the Dungeon)
 l - a +6 ring of dexterity
   (You found it on level 2 of the Dungeon)
Wands
 u - a wand of acid (7)
   (You found it on level 5 of the Dungeon)
Scrolls
 e - 3 scrolls of fog
 g - 3 scrolls of poison
 i - 2 scrolls of magic mapping
 n - 4 scrolls of teleportation
 o - 2 scrolls of enchant weapon
 q - a scroll of amnesia
 t - 3 scrolls of blinking {unknown}
Potions
 c - 2 potions of might
 d - a potion of curing
 f - a potion of flight
 h - a potion of haste
 k - 2 potions of brilliance
 p - 2 potions of cancellation
 r - a potion of mutation
 s - a potion of lignification {unknown}

Dungeon Overview and Level Annotations

Branches:
Dungeon (6/15) Zot: 39824  Temple (1/1) D:5 Zot: 8956

Altars:
Ashenzari
Cheibriados
Elyvilon
Gozag
Hepliaklqana
Kikubaaqudgha
Makhleb
Okawaru
Qazlal
Ru
Sif Muna
Trog
Vehumet
Xom
Zin

Shops:
D:4 :[

Annotations:
D:6 1 runed translucent door, 1 transporter, Sleet's ghost, novice MiFi

#.##>## .###.#..#
##.......##
........####..[......#
####.......+.........+
#....####.........#
#.#.## #.......# #>###
#g.g..# ###.######
#gg.# #........# #@#
#....###.# #.#
#.....##.# #.#
#........######.##
#.....##.........##
#.....##.##.......####
#..##.##.##.##.........
#........##.##..#######
##.##.......##.##


You could see a gnoll sergeant (extremely poisoned) and 3 gnolls.


Message History

You take 3 damage, and now have 45/52 hp.
You hit the hound.
You kill the hound!
Cheibriados appreciates the change of pace. 😕 HP[+1] No target in view!
Unknown command.
You open the door. You open the door.
There is an open door here.
Key pressed, stopping explore.
Key pressed, stopping explore.
Key pressed, stopping explore.
There is a stone staircase leading up here.
Key pressed, stopping explore.
You now have 296 gold pieces (gained 9).
A scorpion comes into view. 😎 HP[+6]
Your hp is fully restored (52).
You block the scorpion's attack.
You hit the scorpion but do no damage.
The scorpion is poisoned.
Your grab misses the scorpion.
You squeeze the scorpion, but do no damage.
You block the scorpion's attack.
You hit the scorpion.
The scorpion looks as sick as possible!
Your grab misses the scorpion. The scorpion misses you.
You hit the scorpion but do no damage.
The scorpion looks as sick as possible!
Your grab misses the scorpion. The scorpion barely misses you.
Unknown command.
You hit the scorpion but do no damage. You grab the scorpion.
You constrict the scorpion.
You kill the scorpion!
Cheibriados thoroughly appreciates the change of pace.
You see here a scorpion corpse.
No target in view!
Unknown command.
Key pressed, stopping explore.
An adder comes into view.
An adder is nearby!
An adder is nearby!
An adder is nearby!
The helpless adder fails to defend itself.
You spit the adder like a pig!!!
You kill the adder!
Cheibriados thoroughly appreciates the change of pace.
No target in view!
There is a transporter here.
The orc priest shouts!
You hear a shout! x2
The orc priest shouts!
You hear a shout!
The orc priest shouts!
Something shouts, "Slither home, thou plume-plucked earth-vexing giglet!"
The orc priest shouts!
You now have 311 gold pieces (gained 15).
Key pressed, stopping explore.
Found a stone staircase leading down.
Found an escape hatch in the floor.
There is a stone staircase leading down here.
There is an escape hatch in the floor here.
n - 4 scrolls of teleportation (gained 1) Key pressed, stopping explore.
You open the door.
A gnoll sergeant and 3 gnolls come into view.
The gnoll sergeant is wielding a +2 vampiric trident.
There are monsters nearby!
There are monsters nearby!
The gnoll shouts! x2
The gnoll sergeant hits you with a +2 vampiric trident.
There is an open door here. 😕 HP[-5]
You take 5 damage, and now have 47/52 hp.
You hit the gnoll sergeant.
The gnoll sergeant is poisoned.
You grab the gnoll sergeant.
You constrict the gnoll sergeant, but do no damage.
The gnoll closely misses you. The gnoll completely misses you.
You block the gnoll sergeant's attack. 😕 HP[+1]
You hit the gnoll sergeant.
The gnoll sergeant looks as sick as possible!
You squeeze the gnoll sergeant.
You constrict the gnoll sergeant, but do no damage.
You hit the gnoll sergeant.
The gnoll sergeant looks as sick as possible!
You constrict the gnoll sergeant, but do no damage.
The gnoll barely misses you. The gnoll hits you with a +0 flail!
The gnoll hits you from afar with a +0 halberd.
The gnoll sergeant closely misses you. 😮 HP[-17]
You take 17 damage, and now have 31/52 hp.
MASSIVE DAMAGE!! (PAUSE)
You hit the gnoll sergeant but do no damage.
The gnoll sergeant looks as sick as possible!
You constrict the gnoll sergeant. You block the gnoll's attack. x2
The gnoll completely misses you. The gnoll sergeant barely misses you.
You completely miss the gnoll sergeant. The gnoll sergeant blocks your attack.
You constrict the gnoll sergeant, but do no damage.
The gnoll misses you. The gnoll hits you with a +0 flail!
* * * LOW HITPOINT WARNING * * *
The gnoll hits you from afar with a +0 halberd!
* * * LOW HITPOINT WARNING * * *
The gnoll sergeant hits you with a +2 vampiric trident.
You die...

Skill      XL: |  1  2  3  4  5  6  7  8 |
---------------+-------------------------+-----
Shields        | 4 |  4.0
Short Blades   | 3 4 5 6 |  6.1
Dodging        | 4 5 6 |  6.6
Stealth        | 1 3 5 6 |  6.7
Fighting       | |  3.0

Action                     |  1- 3 |  4- 6 |  7- 9 || total
---------------------------+-------+-------+-------++-------
  Melee: Rapier            |    62 |    37 |       ||    99
         Constrict         |    15 |    39 |    19 ||    73
         Tentacles         |    10 |    45 |    23 ||    78
         Dagger            |       |   131 |    83 ||   214
         Punch             |       |     4 |     1 ||     5
    Use: Scroll            |     4 |    10 |       ||    14
         Potion            |       |     1 |     1 ||     2
   Stab: Sleeping          |     2 |    11 |     5 ||    18
         Distracted        |       |     1 |       ||     1
 Armour: Skin              |     1 |     6 |     3 ||    10
  Dodge: Dodged            |    49 |    93 |    45 ||   187
  Block: Buckler           |    15 |    37 |    16 ||    68

Levels and vault maps discovered:
D:1:      tarquinn_simple_flora_water_a, layout_rooms, minmay_misc_feat_enclosed
D:2:      layout_rooms, minmay_3d_cube
D:3:      minmay_chambers_of_threes, layout_rooms
D:4:      layout_basic, serial_shops, shop, corexii_shack,
          nicolae_shop_vocational
D:5:      layout_loops_ring, grunt_temple_overflow_diamond,
          lemuel_crystal_altar, minmay_temple_entry_glassed_door
D:6:      gammafunk_wand_slinger, layout_loops_corners, ebering_ghost_xom
Temple:   minmay_freezing_vapour_temple

Notes
Turn   | Place    | Note
-------+----------+-------------------------------------------
     0 | D:1      | ytrimaz the Octopode Fighter began the quest for the Orb.
     0 | D:1      | Reached XP level 1. HP: 16/16 MP: 1/1
     0 | D:1      | magus.rc [v1.9.6]
   110 | D:1      | Reached XP level 2. HP: 10/21 MP: 2/2
   666 | D:2      | Reached XP level 3. HP: 26/26 MP: 3/3
   711 | D:2      | magus.rc [v1.9.6]
   770 | D:2      | Reached XP level 4. HP: 31/31 MP: 4/4
   772 | D:2      | Reached skill level 4 in Shields
  1387 | D:3      | Reached skill level 3 in Short Blades
  1684 | D:3      | Reached skill level 4 in Dodging
  1689 | D:3      | Reached XP level 5. HP: 36/36 MP: 5/5
  2198 | D:4      | Reached skill level 1 in Stealth
  2352 | D:4      | Reached XP level 6. HP: 36/42 MP: 6/6
  2424 | D:4      | Reached skill level 4 in Short Blades
  2424 | D:4      | Reached skill level 2 in Stealth
  2569 | D:4      | Found Ronned's Armour Emporium.
  2630 | D:4      | Found Nyosuzis's Vocational Training.
  2645 | D:4      | You add the spells Sting, Poisonous Vapours and Olgreb's
                  | Toxic Radiance to your library.
  3054 | D:4      | HP: 9/40 [something (4)]
  3057 | D:4      | HP: 4/40 [something (2)]
  3331 | D:5      | Entered Level 5 of the Dungeon
  3337 | D:5      | You pick up a book of the Tundra and begin reading...
  3337 | D:5      | You add the spells Hailstorm, Ice Form and Simulacrum to
                  | your library.
  3356 | D:5      | Reached skill level 5 in Dodging
  3356 | D:5      | Reached skill level 3 in Stealth
  3415 | D:5      | Noticed an ice beast
  3418 | D:5      | Killed an ice beast
  3419 | D:5      | Reached XP level 7. HP: 46/46 MP: 7/7
  3463 | D:5      | Reached skill level 4 in Stealth
  3471 | D:5      | HP: 8/46 [gnoll/+0 whip (10)]
  3477 | D:5      | Reached skill level 5 in Short Blades
  3643 | D:5      | Found a staircase to the Ecumenical Temple.
  3667 | Temple   | Entered the Ecumenical Temple
  3710 | Temple   | Became a worshipper of Cheibriados the Contemplative
  3789 | D:5      | Reached skill level 5 in Stealth
  3837 | D:5      | Found a hazy altar of Hepliaklqana.
  3874 | D:5      | You pick up a book of Displacement and begin reading...
  3874 | D:5      | You add the spells Lesser Beckoning, Gell's Gravitas and
                  | Teleport Other to your library.
  3908 | D:5      | Reached XP level 8. HP: 43/52 MP: 8/8
  3916 | D:5      | Reached skill level 6 in Dodging
  4206 | D:5      | Reached skill level 6 in Stealth
  4238 | D:5      | You pick up a book of Callings and begin reading...
  4238 | D:5      | You add the spells Summon Small Mammal, Call Canine
                  | Familiar and Summon Guardian Golem to your library.
  4356 | D:5      | Found a white marble altar of Elyvilon.
  4360 | D:5      | Found an ancient bone altar of Kikubaaqudgha.
  4364 | D:5      | Found a glowing silver altar of Zin.
  4598 | D:6      | Found a runed translucent door.
  4598 | D:6      | Found a shimmering altar of Xom.
  4598 | D:6      | Noticed Sleet's ghost (novice MiFi)
  4599 | D:6      | Noticed a +0 war axe of chaos
  4695 | D:6      | Reached skill level 6 in Short Blades
  4915 | D:6      | Found a transporter.
  4922 | D:6      | Noticed a kobold demonologist
  4994 | D:6      | HP: 5/52 [gnoll/+0 halberd[a gnoll sergeant] (11)]
  4994 | D:6      | Slain by a gnoll sergeant

Vanquished Creatures
  2 black bears (D:5)
  An ogre (D:5)
  An ice beast (D:5)
  4 scorpions
  A howler monkey (D:6)
  2 hounds
  An orc priest (D:5)
  A sleepcap (D:4)
  3 iguanas (D:5)
  2 orc wizards
  11 adders
  17 gnolls
  A shadow imp (D:6)
  2 worms
  2 dart slugs (D:3)
  7 orcs
  5 ball pythons
  3 bats
  8 endoplasms
  A giant cockroach (D:3)
  5 goblins
  10 hobgoblins
  5 jackals
  11 kobolds
  3 quokkas
  5 frilled lizards
  9 rats
123 creatures vanquished.

Table legend:
 A = Non-vault XP
 B = Vault XP
 C = Vault XP percentage of total XP
 D = Non-vault monster count
 E = Vault monster count
 F = Vault count percentage of total count
                 A         B        C        D         E       F
            +---------+---------+-------+---------+---------+-------
      Total |    1724 |      64 |   3.6 |     109 |      14 |  11.4
            +---------+---------+-------+---------+---------+-------
        D:1 |      31 |       0 |   0.0 |      19 |       0 |   0.0
        D:2 |      59 |       5 |   7.8 |      15 |       1 |   6.2
        D:3 |     102 |      57 |  35.8 |      22 |      12 |  35.3
        D:4 |     203 |       2 |   1.0 |      25 |       1 |   3.8
        D:5 |    1119 |       0 |   0.0 |      23 |       0 |   0.0
        D:6 |     210 |       0 |   0.0 |       5 |       0 |   0.0
            +---------+---------+-------+---------+---------+-------

Skill      XL: |  1  2  3  4  5  6  7  8 |
---------------+-------------------------+-----
Shields        | 4 |  4.0
Short Blades   | 3 4 5 6 |  6.1
Dodging        | 4 5 6 |  6.6
Stealth        | 1 3 5 6 |  6.7
Fighting       | |  3.0

Action                     |  1- 3 |  4- 6 |  7- 9 || total
---------------------------+-------+-------+-------++-------
  Melee: Rapier            |    62 |    37 |       ||    99
         Constrict         |    15 |    39 |    19 ||    73
         Tentacles         |    10 |    45 |    23 ||    78
         Dagger            |       |   131 |    83 ||   214
         Punch             |       |     4 |     1 ||     5
    Use: Scroll            |     4 |    10 |       ||    14
         Potion            |       |     1 |     1 ||     2
   Stab: Sleeping          |     2 |    11 |     5 ||    18
         Distracted        |       |     1 |       ||     1
 Armour: Skin              |     1 |     6 |     3 ||    10
  Dodge: Dodged            |    49 |    93 |    45 ||   187
  Block: Buckler           |    15 |    37 |    16 ||    68

Illustrated notes

Table legend:
 A = Kills in this place as a percentage of kills in the entire game.
 B = Kills by you in this place as a percentage of kills by you in the entire game.
 C = Kills by friends in this place as a percentage of kills by friends in the entire game.
 D = Other kills in this place as a percentage of other kills in the entire game.
 E = Experience gained in this place as a percentage of experience gained in the entire game.
 F = Experience gained in this place divided by the number of levels of this place that you have seen.
                   A       B       C       D       E      F
               +-------+-------+-------+-------+-------+----------------------
         Total | 100.0 | 100.0 |   N/A |   N/A | 100.0 | 255.4
       Dungeon | 100.0 | 100.0 |   N/A |   N/A | 100.0 | 298.0
               +-------+-------+-------+-------+-------+----------------------

Table legend: (Time is in decaauts)
 A = Elapsed time spent in this place.
 B = Non-inter-level travel time spent in this place.
 C = Inter-level travel time spent in this place.
 D = Time resting spent in this place.
 E = Time spent auto-exploring this place.
 F = Levels seen in this place.
 G = Mean time per level.
                   A        B        C        D        E       F      G
               +--------+--------+--------+--------+--------+-----+--------+
         Total |   5287 |   5115 |    172 |     47 |   4198 |   7 |  755.3 |
       Dungeon |   5255 |   5090 |    165 |     47 |   4188 |   6 |  875.8 |
        Temple |     31 |     24 |      7 |      0 |     10 |   1 |   31.0 |
               +--------+--------+--------+--------+--------+-----+--------+

Top non-repeatable levels by time:
     D:5: 1262 daAuts
     D:4: 1164 daAuts
     D:3: 948 daAuts
     D:6: 670 daAuts
     D:1: 640 daAuts
     D:2: 569 daAuts
  Temple: 31 daAuts
